 Dungeon Crawl Stone Soup version 0.27-a0-1191-g601b473118 (webtiles) character file.

Game seed: 16731656601784075104

1327 lunkers the Geomancer (level 8, 0/52 HPs)
             Began as a Formicid Earth Elementalist on May 24, 2021.
             Was an Initiate of Vehumet.
             Slain by a wyvern zombie (12 damage)
             ... on level 6 of the Dungeon.
             The game lasted 00:09:22 (8382 turns).

lunkers the Geomancer (Formicid Earth Elementalist) Turns: 8382, Time: 00:09:22

Health: 0/52       AC:  3    Str: 12    XL:     8   Next: 91%
Magic:  1/17       EV: 12    Int: 18    God:    Vehumet [......]
Gold:   454        SH:  0    Dex: 11    Spells: 8/19 levels left

rFire    . . .     SeeInvis +   e - +2 dagger (venom)
rCold    . . .     Faith    .   (no shield)
rNeg     . . .     Spirit   .   c - +0 robe
rPois    .         Reflect  .   (helmet unavailable)
rElec    .         Harm     .   u - +0 cloak {rCorr}
rCorr    +         Rampage  .   (no gloves)
Will     .....                  (no boots)
Stlth    ++........             (no amulet)
HPRegen  0.17/turn              j - ring of wizardry
MPRegen  0.15/turn              (no ring)

@: no status effects
A: permanent stasis, dig shafts and tunnels, antennae 3, four strong arms
a: Dig, Shaft Self, Renounce Religion


You were on level 6 of the Dungeon.
You worshipped Vehumet.
Vehumet was noncommittal.
You visited 2 branches of the dungeon, and saw 7 of its levels.
You also visited: Ossuary.

You collected 454 gold pieces.

Inventory:

Hand Weapons
 e - a +2 dagger of venom (weapon)
 t - a +3 quarterstaff of chaos
Missiles
 b - 191 stones
 w - a throwing net
Armour
 c - a +0 robe (worn)
 u - a +0 cloak of preservation (worn)
Jewellery
 j - a ring of wizardry (left hand)
Wands
 v - a wand of acid (12)
Scrolls
 a - 2 scrolls of magic mapping {unknown}
 f - a scroll of fog {unknown}
 h - a scroll of amnesia {unknown}
 l - 2 scrolls of teleportation {unknown}
 m - 2 scrolls of noise {unknown}
 q - a scroll of summoning {unknown}
 x - 2 scrolls of enchant weapon {unknown}
 y - a scroll of holy word {unknown}
 B - a scroll of enchant armour {unknown}
Potions
 d - a potion of brilliance
 g - 2 potions of ambrosia
 i - 2 potions of invisibility
 k - 3 potions of curing
 n - a potion of lignification
 o - a potion of cancellation {unknown}
 p - a potion of flight {unknown}
 r - a potion of attraction {unknown}
 s - 2 potions of heal wounds
 z - a potion of resistance {unknown}


   Skills:
 - Level 1.7 Dodging
 - Level 2.4 Stealth
 + Level 6.2 Spellcasting
 - Level 1.1 Transmutations
 * Level 10.5 Earth Magic


You had 8 spell levels left.
You knew the following spells:

 Your Spells              Type           Power      Damage    Failure   Level
a - Stone Arrow           Conj/Erth      48%        3d10      1%          3
b - Passwall              Tmut/Erth      21%        N/A       1%          2
c - Sandblast             Erth           86%        2d18      1%          1
d - Lee's Rapid Deconstr  Erth           21%        3d13*     1%          5

Your spell library contained the following spells:

 Spells                   Type           Power      Damage    Failure   Level
 Corona                   Hex            5%         N/A       4%          1
 Petrify                  Tmut/Erth      26%        N/A       4%          4
 Ensorcelled Hibernation  Hex/Ice        10%        N/A       8%          2
 Confusing Touch          Hex            5%         N/A       14%         3
 Dazzling Flash           Conj/Hex       10%        N/A       14%         3
 Tukima's Dance           Hex            5%         N/A       14%         3


Dungeon Overview and Level Annotations

Branches:
Dungeon (6/15)             Temple (1/1) D:6         Ossuary (visited)

Altars:
Ashenzari
Cheibriados
Dithmenos
Elyvilon
Fedhas
Gozag
Hepliaklqana
Kikubaaqudgha
Makhleb
Nemelex Xobeh
Okawaru
Qazlal
Ru
Sif Muna
Uskayaw
Vehumet
Wu Jian
Xom
Yredelemnul
Zin
The Shining One

Shops:
D:5 ?


Innate Abilities, Weirdness & Mutations

You cannot be hasted, slowed, berserked, paralysed or teleported.
You can dig through walls and to a lower floor.
You have a pair of large antennae on your head. (SInv)
Your four strong arms can wield two-handed weapons with a shield.


Message History

Casting: Stone Arrow (safe; 1% risk of failure)
Confirm with . or Enter, or press ? or * to list all spells.
The stone arrow hits the necrophage!
The necrophage is almost destroyed.
* * * LOW MAGIC WARNING * * *
The adder hisses angrily.
The necrophage hits you.
You feel drained. The wyvern zombie barely misses you.
The wyvern zombie bites you!
Casting: Stone Arrow (safe; 1% risk of failure)
Confirm with . or Enter, or press ? or * to list all spells.
Aiming: Sandblast (safe; 1% risk of failure)
Press: ? - help, Shift-Dir - straight line, f/p - necrophage
Aim: a necrophage (almost destroyed, 83% to hit)
The blast of sand hits the wyvern zombie!
The wyvern zombie is moderately damaged.
* * * LOW MAGIC WARNING * * *
The wyvern zombie barely misses you.
Casting: Sandblast (safe; 1% risk of failure)
Confirm with . or Enter, or press ? or * to list all spells.
Aiming: Sandblast (safe; 1% risk of failure)
Press: ? - help, Shift-Dir - straight line, f/p - necrophage
Aim: a necrophage (almost destroyed, 83% to hit)
The blast of sand hits the necrophage!!
You destroy the necrophage!
Vehumet accepts your kill.
* * * LOW MAGIC WARNING * * *
The wyvern zombie bites you!
* * * LOW HITPOINT WARNING * * *
Your life force feels restored.
Casting: Sandblast (safe; 1% risk of failure)
Confirm with . or Enter, or press ? or * to list all spells.
Aiming: Sandblast (safe; 1% risk of failure)
Press: ? - help, Shift-Dir - straight line, f - adder
Aim: an adder (72% to hit)
The blast of sand misses the adder.
* * * LOW MAGIC WARNING * * *
The wyvern zombie bites you!
* * * LOW HITPOINT WARNING * * *
The adder closely misses you. The wyvern zombie bites you!
You die...

#..#####.# ##..
.#........##...#.#..# #....
..........##........##....
#.........#............$.
..............)##......#
............?..##......##
......<........##.......##.
................@Z.........
...............#.S#........
#...#.#........#...........
#..#####.........#.........
...### #........#..........
.#...###.....####..........
.##...#.....## #..#.######.
.#.......#...##...#.#
....##..###....†#


You could see an adder and a wyvern zombie.

Vanquished Creatures
  2 black bears (D:4)
  A necrophage (D:6)
  A wyvern skeleton (D:5)
  5 killer bees (D:5)
  2 howler monkeys (D:5)
  2 bullfrog zombies
  A hound (D:4)
  Crazy Yiuf (D:4)
  A centaur skeleton (D:5)
  An iguana (D:4)
  Natasha (thrice) (D:2)
  2 orc wizards (D:5)
  A hound skeleton (D:4)
  8 mummies (Ossuary)
  Robin (D:4)
  A howler monkey skeleton (D:5)
  8 adders
  4 gnolls (D:3)
  A shadow imp (D:4)
  2 adder skeletons (D:4)
  3 dart slugs
  11 orcs
  13 ball pythons
  13 endoplasms
  3 giant cockroaches
  18 goblins
  10 hobgoblins
  6 jackals
  11 kobolds
  2 quokkas (D:4)
  5 bats
  4 frilled lizards
  2 gnoll zombies (Ossuary)
  A hobgoblin zombie (Ossuary)
  2 kobold zombies (Ossuary)
  3 orc zombies (Ossuary)
  7 rats
162 creatures vanquished.

Notes
Turn   | Place    | Note
-------+----------+-------------------------------------------
     0 | D:1      | lunkers the Formicid Earth Elementalist began the quest for
                  | the Orb.
     0 | D:1      | Reached XP level 1. HP: 13/13 MP: 3/3
   121 | D:1      | Reached skill level 4 in Earth Magic
   121 | D:1      | Reached XP level 2. HP: 8/19 MP: 0/5
   534 | D:1      | Reached XP level 3. HP: 24/24 MP: 2/6
  1085 | D:2      | Noticed Natasha
  1092 | D:2      | Killed Natasha
  1093 | D:2      | Reached skill level 5 in Earth Magic
  1093 | D:2      | Reached XP level 4. HP: 30/30 MP: 4/8
  1257 | D:2      | You fall into a shaft and drop 2 floors!
  1431 | D:3      | Noticed Robin
  1675 | D:4      | Learned a level 2 spell: Passwall
  1679 | D:4      | Learned a level 3 spell: Stone Arrow
  1698 | D:4      | Killed Robin
  1699 | D:4      | Reached XP level 5. HP: 21/35 MP: 9/9
  2205 | D:3      | HP: 1/35 [adder (4)]
  2209 | D:3      | Reached skill level 6 in Earth Magic
  2781 | D:2      | Noticed Natasha
  2787 | D:2      | Killed Natasha
  2798 | D:2      | Noticed Natasha
  2810 | D:2      | Killed Natasha
  2811 | D:2      | Reached XP level 6. HP: 19/41 MP: 2/11
  3618 | D:3      | Found a faded altar of an unknown god.
  3665 | D:3      | Reached skill level 7 in Earth Magic
  4597 | D:4      | Learned a level 5 spell: Lee's Rapid Deconstruction
  4658 | D:4      | Reached XP level 7. HP: 30/46 MP: 1/13
  4998 | D:4      | Found a runed translucent door.
  4999 | D:4      | Noticed Crazy Yiuf
  5325 | D:4      | Reached skill level 8 in Earth Magic
  5756 | D:4      | Killed Crazy Yiuf
  5830 | D:5      | Entered Level 5 of the Dungeon
  5944 | D:5      | Reached skill level 5 in Spellcasting
  5947 | D:5      | Reached skill level 9 in Earth Magic
  5947 | D:5      | Reached XP level 8. HP: 52/52 MP: 2/15
  6451 | D:5      | Found a sand-covered staircase.
  6455 | Ossuary  | Entered an ossuary
  7139 | D:5      | Reached skill level 10 in Earth Magic
  7907 | D:5      | Found Fobubroe's Magic Scroll Shoppe.
  8139 | D:6      | Found a staircase to the Ecumenical Temple.
  8150 | Temple   | Entered the Ecumenical Temple
  8284 | Temple   | Became a worshipper of Vehumet
  8382 | D:6      | Slain by a wyvern zombie

Illustrated notes

Levels and vault maps discovered:
D:1:      heliophobic_arrival_henge, layout_rooms
D:2:      layout_rooms, uniq_natasha
D:3:      layout_rooms, shapermc_ecumenical_altar_totnotflames,
          minmay_close_crescents, uniq_robin
D:4:      wad_crossroads, layout_loops_ring, uniq_crazy_yiuf_cottage
D:5:      layout_loops_ring, lightli_ossuary_entry_decrepit_ruins, serial_shops,
          shop
D:6:      layout_cave_pools, minmay_temple_entry_wispy, portal_sewer_entry_a,
          hex_medium
Temple:   kilobyte_greek_temple

Skill      XL: |  1  2  3  4  5  6  7  8 |
---------------+-------------------------+-----
Earth Magic    | 4 5 6 7 9 10 | 10.5
Spellcasting   | 3 4 5 6 |  6.2
Dodging        | |  1.7
Stealth        | |  2.4
Transmutations | |  1.1

Action                   |  1- 3 |  4- 6 |  7- 9 || total
-------------------------+-------+-------+-------++-------
Melee: Unarmed           |     9 |       |       ||     9
       Dagger            |     7 |    77 |    29 ||   113
 Cast: Sandblast         |    34 |    33 |    21 ||    88
       Stone Arrow       |       |    53 |    65 ||   118
  Use: Potion            |     1 |     1 |       ||     2
       Scroll            |       |     3 |     4 ||     7
 Stab: Sleeping          |     1 |       |       ||     1
Armor: Robe              |     4 |    23 |     5 ||    32
Dodge: Dodged            |     7 |    86 |    23 ||   116

Table legend: (Time is in decaauts)
 A = Elapsed time spent in this place.
 B = Non-inter-level travel time spent in this place.
 C = Inter-level travel time spent in this place.
 D = Time resting spent in this place.
 E = Time spent auto-exploring this place.
 F = Levels seen in this place.
 G = Mean time per level.
                   A        B        C        D        E       F      G
               +--------+--------+--------+--------+--------+-----+--------+
         Total |   8386 |   8139 |    247 |    495 |   6586 |   8 | 1048.2 |
       Dungeon |   7642 |   7426 |    216 |    443 |   6056 |   6 | 1273.7 |
        Temple |    166 |    135 |     31 |      0 |    121 |   1 |  166.0 |
       Ossuary |    576 |    576 |      0 |     52 |    409 |   1 |  576.0 |
               +--------+--------+--------+--------+--------+-----+--------+

Top non-repeatable levels by time:
     D:4: 2078 daAuts
     D:5: 1707 daAuts
     D:2: 1515 daAuts
     D:3: 1266 daAuts
     D:1: 973 daAuts
 Ossuary: 576 daAuts
  Temple: 166 daAuts
     D:6: 101 daAuts
